 Dungeon Crawl Stone Soup version 0.28-a0-723-g095bd1b44f (webtiles) character file.

Game seed: 14507735901992758451

513612 flotson the Slayer (level 23, 200/200 HPs)
             Began as a Demonspawn Delver on Oct 17, 2021.
             Was an Initiate of Gozag.
             Quit the game on level 1 of the Depths on Oct 25, 2021.
             The game lasted 03:04:16 (64677 turns).

flotson the Slayer (Demonspawn Delver)             Turns: 64677, Time: 03:04:16

Health: 200/200    AC: 43    Str: 20    XL:     23   Next: 65%
Magic:  23/23      EV: 20    Int: 13    God:    Gozag
Gold:   12635      SH: 20    Dex: 20    Spells: 22/22 levels left

rFire   + + +      SeeInvis .   a - +18 lance "Wyrmbane" {slay drac, rPois rF+ rC+ AC+3}
rCold   + + +      Faith    .   T - +1 kite shield {rC+}
rNeg    + + .      Spirit   +   M - +9 scales of the Dragon King {rPois rF+ rC+ Will+}
rPois   +          Reflect  +   U - +1 helmet of the Sky {Regen+}
rElec   .          Harm     .   P - +1 cloak of Starlight {*Dazzle EV+4 Stlth--}
rCorr   .          Rampage  .   (gloves unavailable)
Will    ++...                   I - +0 pair of boots
Stlth   ..........              X - amulet "Udud Otre" {Reflect Drain rC+ Regen+ Dex+4 SH+5}
HPRegen 2.43/turn               o - +4 ring of slaying
MPRegen 0.36/turn               d - ring "Ovoceska" {+Blink rF+++ rN++ Will- EV+4}

@: gold aura
A: slimy green scales 2, powered by pain 3, magic shield, magic regeneration,
magic link, demonic willpower, demonic touch 3, MP-powered wands
}: 4/15 runes: barnacled, slimy, silver, gossamer
a: Renounce Religion, Evoke Blink, Potion Petition, Call Merchant, Bribe Branch


You were on level 1 of the Depths.
You worshipped Gozag.
Gozag was extremely pleased with you.
You visited 9 branches of the dungeon, and saw 45 of its levels.
You visited 1 bazaar.
You also visited: Ice Cave, Volcano and Desolation.

You collected 23874 gold pieces.
You spent 4466 gold pieces at shops.
You paid 6773 gold pieces to Gozag.

Inventory:

Hand Weapons
 a - the +18 lance "Wyrmbane" (weapon) {slay drac, rPois rF+ rC+ AC+3}
   (You took it off an imperial myrmidon in the Desolation of Salt)

   It inflicts extra damage against dragons and draconians.
   AC:        It affects your AC (+3).
   rF:        It protects you from fire.
   rC:        It protects you from cold.
   rPois:     It protects you from poison.
 b - the +3 sling "Punk" {acid, rCorr}
   (You found it on level 5 of the Pits of Slime)

   Any ammunition fired from it is coated in acid, damaging and corroding those
   it strikes.
   rCorr:     It protects you from acid and corrosion.
Missiles
 c - 3 silver javelins
 f - 10 atropa-tipped darts (quivered)
 j - 4 datura-tipped darts
 w - 236 sling bullets
 H - 10 throwing nets
 J - 6 curare-tipped darts
 O - 5 boomerangs of dispersal
Armour
 I - a +0 pair of boots (worn)
 M - the +9 scales of the Dragon King (worn) {rPois rF+ rC+ Will+}
   (You found it on level 4 of the Spider Nest)

   rF:        It protects you from fire.
   rC:        It protects you from cold.
   rPois:     It protects you from poison.
   Will:      It increases your willpower.
 P - the +1 cloak of Starlight (worn) {*Dazzle EV+4 Stlth--}
   (You acquired it on level 5 of the Pits of Slime)

   It may blind those who miss an attack against the wearer in melee combat.
   EV:        It affects your evasion (+4).
   Stlth:     It makes you much less stealthy.
 T - a +1 kite shield of cold resistance (worn)
 U - the +1 helmet of the Sky (worn) {Regen+}
   (You found it on level 14 of the Dungeon)

   Regen:     It increases your rate of health regeneration.
Jewellery
 d - the ring "Ovoceska" (right hand) {+Blink rF+++ rN++ Will- EV+4}
   (You found it on level 5 of the Vaults)

   [ring of evasion]

   EV:        It affects your evasion (+4).
   rF:        It renders you almost immune to fire.
   rN:        It greatly protects you from negative energy.
   +Blink:    It lets you blink.
   Will:      It decreases your willpower.
 l - the ring of Fun {rF+ rCorr EV+4 Str+4}
   (You found it on level 3 of the Vaults)

   [ring of evasion]

   EV:        It affects your evasion (+4).
   Str:       It affects your strength (+4).
   rF:        It protects you from fire.
   rCorr:     It protects you from acid and corrosion.
 o - a +4 ring of slaying (left hand)
 X - the amulet "Udud Otre" (around neck) {Reflect Drain rC+ Regen+ Dex+4 SH+5}
   (You found it in an ice cave)

   [amulet of reflection]

   It reflects blocked missile attacks.
   Dex:       It affects your dexterity (+4).
   rC:        It protects you from cold.
   Regen:     It increases your rate of health regeneration.
   Drain:     It drains your maximum health when unequipped.
   SH:        It affects your SH (+5).
Wands
 g - a wand of digging (33)
 h - a wand of iceblast (41)
 i - a wand of mindburst (37)
 u - a wand of acid (11)
 W - a wand of paralysis (21)
Scrolls
 r - a scroll of holy word
 t - 2 scrolls of blinking
 x - 7 scrolls of magic mapping
 y - 3 scrolls of immolation
 A - 7 scrolls of teleportation
 B - 9 scrolls of vulnerability
 D - 4 scrolls of torment
 G - a scroll of silence
 N - a scroll of fog
 S - 8 scrolls of fear
 Y - 4 scrolls of summoning
Potions
 e - 2 potions of berserk rage
 k - 5 potions of resistance
 m - 4 potions of invisibility
 p - 6 potions of heal wounds
 q - 13 potions of curing
 s - 5 potions of cancellation
 E - 2 potions of haste
 F - 3 potions of attraction
 K - 3 potions of might
 Q - 7 potions of ambrosia
 Z - 7 potions of lignification
Miscellaneous
 n - a phial of floods
 v - a piece from Xom's chessboard (15/15)
 z - a box of beasts
 C - a phantom mirror
 L - a tin of tremorstones (2/2)
 R - a lightning rod (4/4)
 V - a condenser vane


   Skills:
 + Level 21.2 Fighting
 - Level 5.4(11.2) Axes
 - Level 12.5(13.1) Maces & Flails
 + Level 8.9(9.8) Polearms
 - Level 2.9(10.3) Staves
 + Level 11.1(12.5) Slings
 - Level 7.4 Crossbows
 - Level 9.5(11.8) Throwing
 + Level 17.2 Armour
 + Level 17.5 Dodging
 - Level 5.1 Stealth
 - Level 15.0 Shields
 - Level 5.2 Necromancy
 - Level 12.0 Evocations


You had 22 spell levels left.
You didn't know any spells.
Your spell library contained the following spells:

 Spells                   Type           Power      Damage    Failure   Level
 Animate Skeleton         Necr           26%        N/A       82%         1
 Pain                     Necr           52%        1d6       82%         1
 Corpse Rot               Necr/Air       12%        N/A       99%         2
 Vampiric Draining        Necr           6%         2d6       99%         3
 Apportation              Tloc           0%         N/A       100%        1
 Foxfire                  Conj/Fire      0%         2x1d4     100%        1
 Sandblast                Erth           0%         2d4       100%        1
 Sting                    Tmut/Pois      0%         1d3       100%        1
 Summon Small Mammal      Summ           0%         N/A       100%        1
 Blink                    Tloc           0%         N/A       100%        2
 Poisonous Vapours        Pois/Air       0%         N/A       100%        2
 Slow                     Hex            0%         N/A       100%        2
 Static Discharge         Conj/Air       0%         N/A       100%        2
 Call Canine Familiar     Summ           0%         N/A       100%        3
 Confusing Touch          Hex            0%         N/A       100%        3
 Conjure Flame            Conj/Fire      0%         6-21      100%        3
 Frozen Ramparts          Ice            0%         1d2       100%        3
 Gell's Gravitas          Tloc           0%         N/A       100%        3
 Ignite Poison            Fire/Tmut/Pois 0%         N/A       100%        3
 Inner Flame              Hex/Fire       0%         N/A       100%        3
 Lesser Beckoning         Tloc           0%         N/A       100%        3
 Mephitic Cloud           Conj/Pois/Air  0%         N/A       100%        3
 Ozocubu's Armour         Ice            0%         N/A       100%        3
 Portal Projectile        Hex/Tloc       0%         N/A       100%        3
 Stone Arrow              Conj/Erth      0%         3d7       100%        3
 Summon Guardian Golem    Hex/Summ       0%         N/A       100%        3
 Teleport Other           Tloc           0%         N/A       100%        3
 Tukima's Dance           Hex            0%         N/A       100%        3
 Animate Armour           Summ/Erth      0%         N/A       100%        4
 Animate Dead             Necr           6%         N/A       100%        4
 Dispel Undead            Necr           13%        3d9       100%        4
 Flame Wave               Conj/Fire      0%         3d3       100%        4
 Fulminant Prism          Conj/Hex       0%         3d6       100%        4
 Hailstorm                Conj/Ice       0%         3d3       100%        4
 Ice Form                 Ice/Tmut       0%         N/A       100%        4
 Iskenderun's Mystic Bla  Conj/Tloc      0%         2d3       100%        4
 Leda's Liquefaction      Hex/Erth       0%         N/A       100%        4
 Olgreb's Toxic Radiance  Pois           0%         N/A       100%        4
 Passage of Golubria      Tloc           0%         N/A       100%        4
 Petrify                  Tmut/Erth      0%         N/A       100%        4
 Sticky Flame             Conj/Fire      0%         2d3       100%        4
 Summon Ice Beast         Ice/Summ       0%         N/A       100%        4
 Agony                    Necr           13%        N/A       100%        5
 Alistair's Intoxication  Tmut/Pois      0%         N/A       100%        5
 Blade Hands              Tmut           0%         N/A       100%        5
 Borgnjor's Vile Clutch   Necr/Erth      3%         N/A       100%        5
 Excruciating Wounds      Necr           6%         N/A       100%        5
 Fireball                 Conj/Fire      0%         3d3       100%        5
 Freezing Cloud           Conj/Ice/Air   0%         6-21      100%        5
 Lee's Rapid Deconstruct  Erth           0%         3d5*      100%        5
 Manifold Assault         Tloc           0%         N/A       100%        5
 Metabolic Englaciation   Hex/Ice        0%         N/A       100%        5
 Silence                  Hex/Air        0%         N/A       100%        5
 Summon Forest            Summ/Tloc      0%         N/A       100%        5
 Summon Mana Viper        Hex/Summ       0%         N/A       100%        5
 Yara's Violent Unravell  Hex/Tmut       0%         3d3       100%        5
 Conjure Ball Lightning   Conj/Air       0%         3x3d6     100%        6
 Death Channel            Necr           6%         N/A       100%        6
 Dispersal                Tloc           0%         N/A       100%        6
 Eringya's Noxious Bog    Tmut/Pois      0%         N/A       100%        6
 Iron Shot                Conj/Erth      0%         9d1       100%        6
 Simulacrum               Ice/Necr       3%         N/A       100%        6
 Starburst                Conj/Fire      0%         6d3       100%        6
 Statue Form              Tmut/Erth      0%         N/A       100%        6
 Summon Cactus Giant      Summ           0%         N/A       100%        6
 Malign Gateway           Summ/Tloc      0%         N/A       100%        7
 Monstrous Menagerie      Summ           0%         N/A       100%        7
 Orb of Destruction       Conj           0%         N/A       100%        7
 Ozocubu's Refrigeration  Ice            0%         4d5       100%        7
 Spellforged Servitor     Conj/Summ      0%         N/A       100%        7
 Borgnjor's Revivificati  Necr           6%         N/A       100%        8
 Discord                  Hex            0%         N/A       100%        8
 Disjunction              Tloc           0%         N/A       100%        8
 Ignition                 Fire           0%         3d3       100%        8
 Lehudib's Crystal Spear  Conj/Erth      0%         10d2      100%        8
 Necromutation            Tmut/Necr      3%         N/A       100%        8
 Summon Horrible Things   Summ           0%         N/A       100%        8
 Chain Lightning          Conj/Air       0%         N/A       100%        9
 Death's Door             Necr           6%         N/A       100%        9
 Polar Vortex             Ice            0%         N/A       100%        9


Dungeon Overview and Level Annotations

Branches:
Dungeon (15/15)            Temple (0/1) D:6            Lair (6/6) D:11
 Shoals (4/4) Lair:2       Spider (4/4) Lair:3        Slime (5/5) Lair:5
    Orc (2/2) D:11            Elf (3/3) Orc:2        Vaults (5/5) D:13
  Crypt (0/3) Vaults:3     Depths (1/4) D:15          IceCv (visited)
Volcano (visited)         Desolation (visited)

Altars:
Cheibriados
Dithmenos
Fedhas
Gozag
Kikubaaqudgha
Makhleb
Nemelex Xobeh
Qazlal
Sif Muna
Trog
Uskayaw
Vehumet
Wu Jian
Xom
Yredelemnul
Beogh
Jiyva
Lugonu

Shops:
D:1 *   D:9 *   D:15 *(***[   Orc:2 *!(:   Elf:1 =   Shoals:1 *   Vaults:1 [

Portals:
Abyss: Orc:2


Innate Abilities, Weirdness & Mutations

You are mostly covered in slimy green scales. (AC +3)
You are powered by pain.
When hurt, damage is shared between your health and your magic reserves.
You regenerate magic rapidly.
When low on magic, you restore magic in place of health.
You punish those that try to bend your will. (Will+)
Your touch may irresistibly damage your foes and sap their willpower.
You expend magic power (3 MP) to strengthen your wands.


Message History

The hell knight is lightly wounded.
The hell knight is distracted by your dazzling golden aura.
You block the hell knight's attack.
The hell knight shouts!
You impale the hell knight!!
The hell knight is moderately wounded.
The hell knight is no longer distracted by gold.
You puncture the hell knight!
The hell knight is lightly wounded.
You hit the hell knight.
The hell knight is moderately wounded.
You puncture the hell knight!
The hell knight is moderately wounded.
The hell knight is no longer distracted by gold.
The hell knight gestures at you while chanting.
The bolt of fire hits you. You resist.
You hit the hell knight but do no damage.
The hell knight is moderately wounded.
Your scales of the Dragon King prevents you from hitting the hell knight.
The hell knight is moderately wounded.
You block the hell knight's attack.
You hit the hell knight.
The hell knight is moderately wounded.
You impale the hell knight!!
The hell knight is almost dead.
You hear a shout!
You block the hell knight's attack.
You closely miss the hell knight.
The hell knight is almost dead.
The hell knight gestures wildly while chanting.
The hell knight seems to speed up.
You impale the hell knight!!
You kill the hell knight!
You barely miss the hell knight.
The hell knight is moderately wounded.
A hell knight comes into view.
It is wielding a +1 battleaxe of distortion.
The hell knight casts a spell at you.
The bolt of fire hits you but does no damage.
The hell knight shouts!
Are you sure you want to abandon this character and quit the game? (Confirm with "yes".)

....###.#.# #..'.......
...u......# #####.#.......
#+##'###$#### #.###'#.......
............# ..##..........
..........u.# #.##..........
............# #.##..........
............# #.##..........
...........p#####p##..........
...........pp@.....)..........
...###########....##..........
... .... #.#####..........
###.# #.# ........).. ## #.#
......... = $ #.# #......... $
$ #.# #........... $ ###
#........... #...........


You could see 4 hell knights.

Vanquished Creatures
  the Royal Jelly (Slime:5)
  Sojobo (Vaults:4)
  Margery (Vaults:4)
  Mlioglotl (Shoals:3)
  Jorgrun (Shoals:2)
  5 liches
  5 tentacled monstrosities
  A quicksilver dragon (Vaults:5)
  5 titans (Vaults:5)
  17 acid blobs
  4 deep elf master archers (Elf:3)
  3 deep elf blademasters (Elf:3)
  The ghost of helsbecter the Executioner, an adept MiBe of Trog (Spider:4)
  A kraken (Shoals:3)
  2 sphinxes (Vaults:4)
  Kirke (Shoals:4)
  Frances (Shoals:1)
  10 tengu reavers
  3 storm dragons (Vaults:5)
  Donald (Shoals:1)
  3 shadow dragons (Vaults:5)
  12 azure jellies
  Roxanne (Shoals:1)
  5 fire giants
  Ilsuiw (Shoals:4)
  2 iron dragons (Vaults:5)
  10 rockslimes
  Aizul (Shoals:1)
  6 deep elf sorcerers (Elf:3)
  A frost giant (Shoals:4)
  3 imperial myrmidons (Desolation)
  19 vault wardens
  5 emperor scorpions
  5 ghost moths
  5 deep elf elementalists
  20 ironbound preservers
  8 quicksilver oozes
  12 very ugly things
  2 vampire knights (Depths:1)
  92 slime creatures
  4 war gargoyles
  3 stone giants
  The ghost of Totworgh the Thaumaturge, a journeyman DjFE of Gozag (D:14)
  8 deep elf demonologists
  2 halazid warlocks (Desolation)
  5 entropy weavers
  13 deep elf annihilators
  10 dire elephants
  A minotaur (Lair:4)
  2 spark wasps
  5 merfolk javelineers (Shoals:4)
  3 deep elf death magi
  A fire dragon (Volcano)
  The ghost of timneilson the Protected, a journeyman GrFi of Okawaru (Lair:3)
  6 ettins
  2 crystal guardians
  A fire dragon (shapeshifter) (Vaults:5)
  11 merfolk impalers
  9 ragged hierophants (Desolation)
  19 yaktaur captains
  7 deep elf high priests
  A rakshasa (D:15)
  7 servants of whispers (Desolation)
  33 vault guards
  8 boulder beetles
  14 hydras
  8 ironbound thunderhulks
  4 great orbs of eyes
  Harold (D:11)
  9 peacekeepers
  4 ironbound frosthearts
  2 ogre magi
  An ice dragon (IceCv)
  2 death knights
  A spriggan air mage (Depths:1)
  2 alligator snapping turtles
  2 catoblepae
  10 centaur warriors
  4 merfolk avatars
  An anaconda (shapeshifter) (Vaults:5)
  A two-headed ogre (shapeshifter) (Vaults:5)
  A tengu warrior (D:14)
  6 two-headed ogres
  5 orc high priests
  2 satyrs (Shoals:4)
  A spriggan berserker (Depths:1)
  A death yak (Lair:4)
  A titan zombie (Depths:1)
  12 hell knights
  3 deep troll earth magi (Vaults:5)
  Urug (Orc:2)
  Sonja (Lair:6)
  19 deep elf knights
  2 skeletal warriors (D:14)
  2 soul eaters (Vaults:3)
  A shadow wraith (Vaults:5)
  An iron troll (Vaults:5)
  The ghost of AlleluiaPinecone the Slinger, a novice VSBr of Vehumet (D:8)
  12 sea snakes
  A flayed ghost (Vaults:3)
  45 deep trolls
  A tengu zombie (Depths:1)
  11 deep elf archers
  6 necromancers
  7 phantasmal warriors
  22 deep elf pyromancers
  22 ironbound convokers
  10 lindwurms
  5 orc knights
  27 harpies
  21 orb spiders
  24 wolf spiders
  9 wizards
  An iron dragon zombie (Depths:1)
  26 deep elf zephyrmancers
  33 ugly things
  4 fauns (Shoals:1)
  3 orc sorcerers
  A cyclops (shapeshifter) (Vaults:2)
  4 shining eyes
  5 cyclopes
  A manticore (shapeshifter) (Vaults:4)
  14 elephants
  18 manticores
  A salamander (shapeshifter) (Vaults:5)
  2 fire giant zombies
  2 black mambas
  A guardian serpent (shapeshifter) (Vaults:5)
  A frost giant skeleton (Depths:1)
  3 salamanders (Volcano)
  3 moths of wrath
  6 torpor snails
  2 guardian serpents (Desolation)
  17 vault sentinels
  8 merfolk sirens
  2 ice statues (IceCv)
  A water nymph (Shoals:2)
  A molten gargoyle (Desolation)
  3 gargoyles
  10 cane toads
  4 eyes of devastation
  An unseen horror (D:10)
  An efreet (D:13)
  9 rime drakes
  18 komodo dragons
  40 yaktaurs
  2 freezing wraiths (Vaults:5)
  15 demonic crawlers
  A tengu conjurer (D:14)
  2 yaktaurs (shapeshifter)
  25 merfolk
  A queen bee (shapeshifter) (D:12)
  A queen bee (Lair:4)
  8 trolls
  6 meliai
  A polar bear (shapeshifter) (Vaults:3)
  23 jumping spiders
  A tengu simulacrum (Depths:1)
  7 dream sheep
  6 wind drakes
  5 polar bears (Lair:6)
  11 snapping turtles
  21 blink frogs
  12 hornets
  44 saltlings (Desolation)
  A frost giant simulacrum (Depths:1)
  2 meliai zombies
  4 air elementals
  A spriggan skeleton (Depths:1)
  12 water elementals
  A centaur simulacrum (D:15)
  96 redbacks
  27 tarantellas
  13 spriggans
  7 wyverns
  An ettin skeleton (Vaults:1)
  6 wraiths
  72 yaks
  6 fire elementals
  4 basilisks
  A golden eye (Slime:4)
  5 hogs (Shoals:4)
  A human (shapeshifter) (D:15)
  8 vampire mosquitoes
  6 fire bats (Volcano)
  A golden eye (shapeshifter) (D:13)
  4 wargs
  6 steam dragons
  2 acid dragons
  Menkaure (D:6)
  26 orc warriors
  13 water moccasins
  A floating eye (shapeshifter) (Vaults:5)
  A swamp drake (D:11)
  2 sky beasts
  4 black bears
  A necrophage (D:7)
  5 boggarts
  A boggart (shapeshifter) (Vaults:5)
  32 wolves
  11 centaurs
  8 ogres
  3 kobold brigands
  Blork the orc (D:5)
  12 bullfrogs
  2 earth elementals
  A gnoll sergeant (D:12)
  5 scorpions
  A human simulacrum (Vaults:1)
  4 jellies
  A wyvern skeleton (D:7)
  A water moccasin skeleton (D:5)
  28 killer bees
  A lindwurm simulacrum (IceCv)
  4 electric eels
  15 wights
  3 centaur zombies
  7 komodo dragon simulacra (IceCv)
  A hound (D:7)
  39 orc priests
  Crazy Yiuf (D:5)
  2 bullfrog skeletons (D:7)
  2 gnoll shamans
  5 iguanas
  37 orc wizards
  8 hell rats (Lair:4)
  A killer bee zombie (D:6)
  A howler monkey zombie (D:9)
  14 gnolls
  9 adders
  7 acid dragon simulacra (IceCv)
  6 steam dragon simulacra (IceCv)
  6 worms
  3 dart slugs
  93 orcs
  3 bats
  11 endoplasms
  4 giant cockroaches
  3 goblins
  7 hobgoblins
  3 jackals (D:1)
  5 quokkas
  3 ball pythons
  6 frilled lizards
  21 kobolds
  8 rats
  A spectral goblin (D:2)
  2 starspawn tentacles (Shoals:3)
  3 tentacles (Shoals:3)
2025 creatures vanquished.

Vanquished Creatures (collateral kills)
  A quicksilver ooze (Slime:5)
1 creature vanquished.

Vanquished Creatures (others)
  A deep elf sorcerer (Vaults:5)
  A vault warden (Vaults:5)
  39 dancing weapons
  A phantasmal warrior (Vaults:5)
  A wizard (D:10)
  A deep elf pyromancer (Elf:3)
  2 saltlings (Desolation)
  An orc warrior (D:11)
  41 fungi
  A lurking horror (Orc:2)
  A pillar of salt (Vaults:1)
  105 plants
  2 starspawn tentacles (Shoals:3)
  5 tentacles (Shoals:3)
202 creatures vanquished.

Grand Total: 2228 creatures vanquished

Notes
Turn   | Place    | Note
-------+----------+-------------------------------------------
     0 | D:5      | flotson the Demonspawn Delver began the quest for the Orb.
     0 | D:5      | Reached XP level 1. HP: 18/18 MP: 1/1
     5 | D:4      | Found a burning altar of Makhleb.
     5 | D:4      | Found a hide-covered altar of Uskayaw.
     8 | D:4      | Found a shimmering altar of Xom.
    87 | D:5      | Noticed an orc priest
   135 | D:3      | Noticed an orc wizard
   135 | D:3      | Noticed an orc priest
   195 | D:2      | Found a faded altar of an unknown god.
   247 | D:2      | Gained mutation: Your touch may inflict minor irresistible
                  | damage on your foes. [demonic ancestry]
   247 | D:2      | Reached XP level 2. HP: 18/24 MP: 2/2
   389 | D:2      | Reached skill level 1 in Maces & Flails
   389 | D:2      | Reached XP level 3. HP: 29/29 MP: 3/3
  1237 | D:1      | Found Imol's Assorted Antiques.
  1391 | D:1      | Gained mutation: You regenerate magic rapidly. [demonic
                  | ancestry]
  1391 | D:1      | Reached XP level 4. HP: 33/35 MP: 4/4
  1778 | D:1      | Reached skill level 5 in Stealth
  2557 | D:3      | Found a stormy altar of Qazlal.
  2557 | D:3      | Found a bloodstained altar of Trog.
  2558 | D:3      | Found a basalt altar of Yredelemnul.
  2560 | D:3      | Found a sparkling altar of Nemelex Xobeh.
  2561 | D:3      | Found a shimmering blue altar of Sif Muna.
  2561 | D:3      | Found a radiant altar of Vehumet.
  2561 | D:3      | Found a blossoming altar of Fedhas.
  2562 | D:3      | Found an ornate altar of the Wu Jian Council.
  3408 | D:3      | Gained mutation: You sometimes gain a little power by
                  | taking damage. [demonic ancestry]
  3408 | D:3      | Reached XP level 5. HP: 11/42 MP: 5/5
  3802 | D:3      | Found a stormy altar of Qazlal.
  3802 | D:3      | Found a bloodstained altar of Trog.
  3803 | D:3      | Found a basalt altar of Yredelemnul.
  3805 | D:3      | Found a sparkling altar of Nemelex Xobeh.
  3806 | D:3      | Found a radiant altar of Vehumet.
  3807 | D:3      | Found a shimmering blue altar of Sif Muna.
  3807 | D:3      | Found a blossoming altar of Fedhas.
  3808 | D:3      | Found an ornate altar of the Wu Jian Council.
  4240 | D:4      | Reached skill level 4 in Fighting
  4302 | D:4      | Found a snail-covered altar of Cheibriados.
  4346 | D:4      | Reached skill level 1 in Throwing
  4346 | D:4      | Reached skill level 1 in Armour
  4353 | D:4      | Noticed an orc warrior
  4646 | D:4      | Noticed an ogre
  4653 | D:4      | Killed an ogre
  4654 | D:4      | Reached XP level 6. HP: 48/48 MP: 6/6
  4694 | D:4      | Killed an orc warrior
  5300 | D:5      | Noticed Blork the orc
  5308 | D:5      | Killed Blork the orc
  5309 | D:5      | Gained mutation: You are partially covered in slimy green
                  | scales. (AC +2) [demonic ancestry]
  5309 | D:5      | Reached XP level 7. HP: 28/55 MP: 7/7
  5840 | D:5      | Found a runed translucent door.
  5841 | D:5      | Noticed Crazy Yiuf
  6057 | D:5      | Reached skill level 5 in Fighting
  6726 | D:5      | Reached XP level 8. HP: 62/62 MP: 8/8
  6955 | D:5      | Killed Crazy Yiuf
  7280 | D:6      | Found an opulent altar of Gozag.
  7288 | D:6      | Became a worshipper of Gozag Ym Sagoz the Greedy
  7307 | D:6      | Noticed Menkaure
  8653 | D:6      | Killed Menkaure
  8942 | D:6      | Found a staircase to the Ecumenical Temple.
  9198 | D:7      | Reached skill level 6 in Fighting
  9238 | D:7      | Reached skill level 5 in Dodging
  9354 | D:7      | Gained mutation: When hurt, damage is shared between your
                  | health and your magic reserves. [demonic ancestry]
  9354 | D:7      | Reached XP level 9. HP: 55/69 MP: 9/9
  9566 | D:7      | Found the amulet of the Air {Inacc Air Fly rElec RMsl}
  9824 | D:7      | Reached skill level 5 in Maces & Flails
 10296 | D:8      | Reached skill level 5 in Throwing
 10296 | D:8      | Reached skill level 5 in Armour
 10508 | D:8      | Reached skill level 7 in Fighting
 10561 | D:8      | Noticed a two-headed ogre
 10579 | D:8      | Killed a two-headed ogre
 10580 | D:8      | Gained mutation: You are mostly covered in slimy green
                  | scales. (AC +3) [demonic ancestry]
 10580 | D:8      | Reached XP level 10. HP: 27/79 MP: 5/10
 10925 | D:8      | Found a runed translucent door.
 10926 | D:8      | Noticed AlleluiaPinecone's ghost (novice VSBr)
 12622 | D:9      | Found Yblowam's General Store.
 12734 | D:9      | Bought the +0 pair of fencer's gloves {Riposte Dex+3} for
                  | 560 gold pieces
 12734 | D:9      | Found the +0 pair of fencer's gloves {Riposte Dex+3}
 13231 | D:10     | Entered Level 10 of the Dungeon
 13281 | D:10     | Reached skill level 8 in Fighting
 13553 | D:10     | Found a shadowy altar of Dithmenos.
 13557 | D:10     | Noticed a two-headed ogre
 13600 | D:10     | Killed a two-headed ogre
 13601 | D:10     | Reached skill level 1 in Shields
 14027 | D:10     | Noticed a wizard
 14062 | D:10     | Killed a wizard
 14063 | D:10     | Gained mutation: Your touch may inflict irresistible damage
                  | on your foes. [demonic ancestry]
 14063 | D:10     | Reached XP level 11. HP: 43/86 MP: 9/11
 14531 | D:11     | Noticed a red ugly thing
 14554 | D:11     | Killed a red ugly thing
 14897 | D:11     | Found a staircase to the Orcish Mines.
 14897 | D:11     | Noticed Harold
 15146 | D:11     | Killed Harold
 15966 | D:11     | Found a staircase to the Lair.
 15999 | D:11     | Paralysed by a hornet for 1 turns
 16250 | D:11     | Reached skill level 9 in Fighting
 17316 | Lair:1   | Entered Level 1 of the Lair of Beasts
 17316 | Lair:1   | Noticed a four-headed hydra
 17335 | Lair:1   | Killed a four-headed hydra
 18029 | Lair:1   | Gained mutation: You sometimes gain power by taking damage.
                  | [demonic ancestry]
 18029 | Lair:1   | Reached XP level 12. HP: 83/95 MP: 12/12
 19417 | Lair:2   | Noticed a boulder beetle
 19439 | Lair:2   | Killed a boulder beetle
 20175 | Lair:2   | Identified the +5 ring mail of Leaves {Int+4}
 20468 | Lair:2   | Found a staircase to the Shoals.
 20920 | Lair:3   | Reached skill level 1 in Evocations
 20924 | Lair:3   | Found a frozen archway.
 20964 | IceCv    | Entered an ice cave
 21489 | IceCv    | Reached skill level 10 in Fighting
 21779 | IceCv    | Got Erghux's Volume of Blistering Conjuration
 21866 | IceCv    | Noticed an ice dragon
 21908 | IceCv    | Killed an ice dragon
 22157 | IceCv    | Identified the amulet "Udud Otre" {Reflect Drain rC+ Regen+
                  | Dex+4 SH+5}
 22437 | Lair:3   | Identified the +4 hunting sling of Atziruto {vorpal, Contam
                  | rElec Int-4 Dex+8}
 22556 | Lair:3   | Found a hole to the Spider Nest.
 22768 | Lair:3   | Noticed a catoblepas
 22782 | Lair:3   | Killed a catoblepas
 23121 | Lair:4   | Found a runed translucent gate.
 23127 | Lair:4   | Found a runed translucent gate.
 23127 | Lair:4   | Found a runed translucent gate.
 23196 | Lair:4   | Gained mutation: You are powered by pain. [demonic
                  | ancestry]
 23196 | Lair:4   | Reached XP level 13. HP: 89/104 MP: 10/13
 23285 | Lair:4   | Noticed a minotaur
 23287 | Lair:4   | Noticed timneilson's ghost (journeyman GrFi)
 24243 | Lair:4   | Reached skill level 11 in Fighting
 24283 | Lair:4   | Identified the amulet of the Townfolk {Reflect Int+3 SH+5}
 24385 | Lair:4   | Reached skill level 5 in Evocations
 24710 | Lair:5   | Reached skill level 10 in Dodging
 24959 | Lair:5   | Found a runed translucent door.
 25105 | Lair:5   | Reached skill level 10 in Maces & Flails
 25204 | Lair:5   | Found a viscous altar of Jiyva.
 25523 | Lair:5   | Found a staircase to the Slime Pits.
 25561 | Lair:6   | Entered Level 6 of the Lair of Beasts
 25678 | Lair:6   | Reached XP level 14. HP: 113/113 MP: 14/14
 25791 | Lair:6   | Reached skill level 10 in Armour
 26308 | Lair:6   | Reached skill level 5 in Shields
 26372 | Lair:6   | Reached skill level 12 in Fighting
 26846 | Lair:6   | Noticed Sonja
 26858 | Lair:6   | Killed Sonja
 27163 | Lair:6   | Identified the ring "Humewuy" {MP+9 Int+2 Stlth+}
 27419 | Lair:3   | Killed timneilson's ghost
 27520 | Lair:4   | Identified the ring of the Cast Vote {rPois Dex+5}
 27706 | D:8      | Killed AlleluiaPinecone's ghost
 27814 | Orc:1    | Entered Level 1 of the Orcish Mines
 28477 | Orc:2    | Entered Level 2 of the Orcish Mines
 28513 | Orc:2    | Found a dark tunnel.
 28536 | Volcano  | Entered a volcano
 28742 | Volcano  | Reached XP level 15. HP: 122/122 MP: 15/15
 29182 | Orc:2    | Noticed Urug
 29202 | Orc:2    | Killed Urug
 29207 | Orc:2    | Found a staircase to the Elven Halls.
 29332 | Orc:2    | Found Yhelish's Magic Scroll Shoppe.
 29519 | Orc:2    | Found a one-way gate to the infinite horrors of the Abyss.
 29519 | Orc:2    | Found a corrupted altar of Lugonu.
 29648 | Orc:2    | Reached skill level 13 in Fighting
 29732 | Orc:2    | Found Ochobiza's Weapon Boutique.
 29733 | Orc:2    | Found Ijuk's Assorted Antiques.
 29804 | Orc:2    | Found Baiwn's Distillery.
 29807 | Orc:2    | Found Durchastra's Book Boutique.
 29813 | Orc:2    | Bought 2 scrolls labelled MOEZOEKHLUC for 66 gold pieces
 29813 | Orc:2    | Bought 2 smoky silvery potions for 59 gold pieces
 29813 | Orc:2    | Bought a scroll of identify for 66 gold pieces
 29813 | Orc:2    | Bought a scroll of identify for 66 gold pieces
 31758 | D:13     | Found a gate to the Vaults.
 32212 | D:13     | Found a runed translucent door.
 32322 | D:13     | Reached skill level 14 in Fighting
 33097 | D:14     | Found a runed translucent gate.
 33097 | D:14     | Found a runed translucent gate.
 33097 | D:14     | Found an ancient bone altar of Kikubaaqudgha.
 33097 | D:14     | Noticed a lich
 33098 | D:14     | Found a runed translucent gate.
 33098 | D:14     | Noticed a lich
 33098 | D:14     | Noticed a lich
 33098 | D:14     | Noticed a lich
 33099 | D:14     | Noticed Totworgh's ghost (journeyman DjFE)
 33160 | D:14     | Found a radiant altar of Vehumet.
 33892 | D:15     | Entered Level 15 of the Dungeon
 34070 | D:15     | Reached XP level 16. HP: 99/133 MP: 12/16
 34255 | D:15     | Found a staircase to the Depths.
 34773 | D:14     | Killed a lich
 34773 | D:14     | Killed a lich
 34777 | D:14     | Killed a lich
 34782 | D:14     | Killed Totworgh's ghost
 34785 | D:14     | Killed a lich
 34807 | D:14     | Identified the +1 helmet of the Sky {Regen+}
 34821 | D:14     | Identified the amulet "Wox Yfaz" {rElec Regen+ Dex+4}
 34941 | D:15     | Bought a +1 kite shield of cold resistance for 247 gold
                  | pieces
 34941 | D:15     | Bought the +3 troll leather armour of Analysis {Regen+
                  | Slay+6} for 933 gold pieces
 34978 | D:15     | Bought the +8 hand axe "Waoringe" {vamp, *Corrode rF+ Str+7
                  | Stlth-} for 707 gold pieces
 34982 | D:15     | Bought a jewelled scale mail for 288 gold pieces
 34982 | D:15     | Identified the +1 scale mail of the Black Moon {Stlth+}
                  | (You bought it in a shop on level 15 of the Dungeon)
 35218 | Spider:1 | Entered Level 1 of the Spider Nest
 35471 | Spider:1 | Upgraded the game from 0.28-a0-674-gdaf460b524 to
                  | 0.28-a0-683-ga8797d1ae1
 36072 | Spider:2 | Reached skill level 15 in Fighting
 36555 | Spider:3 | Reached skill level 10 in Evocations
 37223 | Spider:4 | Entered Level 4 of the Spider Nest
 37339 | Spider:4 | Reached XP level 17. HP: 141/142 MP: 15/17
 37779 | Spider:3 | Reached skill level 16 in Fighting
 38138 | Spider:4 | Reached skill level 5 in Axes
 38374 | Spider:4 | Found a large runed translucent door.
 38375 | Spider:4 | Found a large runed translucent door.
 38485 | Spider:4 | Noticed helsbecter's ghost (adept MiBe)
 38485 | Spider:4 | Found the +9 scales of the Dragon King {rPois rF+ rC+
                  | Will+}
 38525 | Spider:4 | Killed helsbecter's ghost
 38660 | Spider:4 | Got a gossamer rune of Zot
 38866 | Shoals:1 | Entered Level 1 of the Shoals
 38996 | Shoals:1 | Noticed Donald
 38998 | Shoals:1 | Noticed Aizul
 39023 | Shoals:1 | Noticed Frances
 39032 | Shoals:1 | Killed Frances
 39101 | Shoals:1 | Killed Donald
 39115 | Shoals:1 | Bought a warped hunting sling for 156 gold pieces
 39115 | Shoals:1 | Identified the +7 hunting sling of the Wasp {venom, Will+
                  | rCorr Str-2 Dex+5} (You bought it in a shop on level 1 of
                  | the Shoals)
 39137 | Shoals:1 | Noticed Roxanne
 39326 | Shoals:1 | Killed Aizul
 39596 | Shoals:1 | Identified 2 scrolls of acquirement
 39597 | Shoals:1 | Acquired 804 gold pieces
 39598 | Shoals:1 | Acquired the amulet "Owiore Qirui" {Acrobat rPois rF+
                  | Int+4}
 39866 | Shoals:1 | Reached skill level 1 in Slings
 40042 | Shoals:2 | Noticed Jorgrun
 40060 | Shoals:2 | Killed Jorgrun
 40467 | Shoals:2 | Gained mutation: Your touch may irresistibly damage your
                  | foes and sap their willpower. [demonic ancestry]
 40467 | Shoals:2 | Reached XP level 18. HP: 151/153 MP: 18/18
 40883 | Shoals:3 | Reached skill level 17 in Fighting
 40920 | Shoals:3 | Found a flickering gateway to a bazaar.
 40936 | Bazaar   | Entered a bazaar
 40937 | Bazaar   | Found Qeapaimn's Armour Emporium.
 40937 | Bazaar   | Found Umoschuudd's Antique Weapon Shoppe.
 40937 | Bazaar   | Found Ibayrghase's Book Shoppe.
 40937 | Bazaar   | Found Xeibe's Weapon Emporium.
 40937 | Bazaar   | Found Ocvaona's Magic Scroll Emporium.
 40937 | Bazaar   | Found Geill's Armour Shoppe.
 40956 | Bazaar   | Bought a scroll of acquirement for 572 gold pieces
 40956 | Bazaar   | Acquired a +0 antimagic demon whip
 40976 | Bazaar   | Bought the +7 hand crossbow "Zamariv" {penet, rElec} for
                  | 692 gold pieces
 42097 | D:15     | Bought 27 bolts for 54 gold pieces
 42544 | Shoals:3 | Noticed Mlioglotl
 42558 | Shoals:3 | Noticed a bone dragon
 42568 | Shoals:3 | Killed Mlioglotl
 42854 | Shoals:4 | Entered Level 4 of the Shoals
 42922 | Shoals:4 | Reached skill level 1 in Crossbows
 43032 | Shoals:4 | Reached skill level 10 in Shields
 43570 | Shoals:4 | Noticed Ilsuiw
 43591 | Shoals:4 | Killed Ilsuiw
 43974 | Shoals:4 | Noticed Kirke
 44035 | Shoals:4 | Killed Kirke
 44278 | Shoals:4 | Got a barnacled rune of Zot
 44885 | Slime:1  | Entered Level 1 of the Pits of Slime
 45058 | Elf:1    | Entered Level 1 of the Elven Halls
 45104 | Elf:1    | Paralysed by an air elemental for 1 turns
 45371 | Elf:1    | Reached skill level 18 in Fighting
 45495 | Elf:1    | Found Ceannaaf's Jewellery Emporium.
 46412 | Elf:2    | Paralysed by an air elemental for 1 turns
 46822 | Elf:2    | Gained mutation: You punish those that try to bend your
                  | will. (Will+) [demonic ancestry]
 46822 | Elf:2    | Reached XP level 19. HP: 163/163 MP: 19/19
 46972 | Elf:2    | Found a runed translucent gate.
 46972 | Elf:2    | Found a runed translucent gate.
 46972 | Elf:2    | Found a runed translucent gate.
 47337 | Elf:2    | Reached skill level 5 in Crossbows
 47660 | Elf:3    | Entered Level 3 of the Elven Halls
 47692 | Elf:3    | Identified the +9 rapier of the Nexus {holy, rN+ Will++
                  | Dex-4}
 48047 | Elf:3    | Noticed a Tzitzimitl
 48068 | Elf:3    | Paralysed by an air elemental for 1 turns
 49048 | Elf:3    | Identified the ring "Ehawiev" {rCorr MP+9}
 49052 | Elf:3    | Reached skill level 1 in Necromancy
 49210 | Elf:3    | Noticed a Tzitzimitl
 49391 | Elf:3    | Identified the ring "Zuofouf" {Wiz Contam Dex+7}
 49429 | Elf:3    | Identified the +3 battleaxe of the Skies Above {venom,
                  | Dex+7}
 49556 | Elf:3    | Reached XP level 20. HP: 114/172 MP: 13/20
 49574 | Elf:3    | Reached skill level 1 in Staves
 50200 | Slime:3  | Reached skill level 15 in Dodging
 50264 | Slime:3  | Gained mutation: Your movements are slightly less
                  | encumbered by armour. (ER -2) [a shining eye]
 50338 | Slime:3  | Reached skill level 19 in Fighting
 50443 | Slime:3  | Gained mutation: You are frail. (-10% HP) [a shining eye]
 50521 | Slime:2  | Gained mutation: You are dopey. (Int -2) [a shining eye]
 51202 | Slime:5  | Entered Level 5 of the Pits of Slime
 51631 | Slime:5  | Noticed the Royal Jelly
 51740 | Slime:5  | Found a viscous altar of Jiyva.
 51754 | Slime:5  | Found the +3 sling "Punk" {acid, rCorr}
 51902 | Slime:5  | Gained mutation: Your body sometimes deteriorates upon
                  | taking damage. [a shining eye]
 51937 | Slime:5  | Killed the Royal Jelly
 52342 | Slime:2  | Gained mutation: Your spells are a little easier to cast,
                  | but a little less powerful. [a shining eye]
 52631 | Shoals:1 | Killed Roxanne
 53606 | Slime:5  | Got the Handbook of Destructive Snow
 53612 | Slime:5  | Identified the +1 leather armour of the Beggar {rElec rC+
                  | Regen+ Dex+4}
 53647 | Slime:5  | Identified the +1 plate armour of the Robin {rElec rF+}
 53662 | Slime:5  | Acquired the +1 cloak of Starlight {*Dazzle EV+4 Stlth--}
 53662 | Slime:5  | Found the +1 cloak of Starlight {*Dazzle EV+4 Stlth--}
 53679 | Slime:5  | Identified the +5 short sword "Rihameynec" {vorpal, rC+
                  | Will+ Int-4}
 53757 | Slime:1  | Reached skill level 15 in Armour
 54074 | Elf:3    | Lost mutation: Your body sometimes deteriorates upon taking
                  | damage. [potion of mutation]
 54074 | Elf:3    | Lost mutation: You are frail. (-10% HP) [potion of
                  | mutation]
 54074 | Elf:3    | Gained mutation: Your body sometimes deteriorates upon
                  | taking damage. [potion of mutation]
 54074 | Elf:3    | Gained mutation: You have a pair of small horns on your
                  | head. [potion of mutation]
 54074 | Elf:3    | Gained mutation: You are agile. (Dex +2) [potion of
                  | mutation]
 54075 | Elf:3    | Lost mutation: Your spells are a little easier to cast, but
                  | a little less powerful. [potion of mutation]
 54075 | Elf:3    | Lost mutation: You have a pair of small horns on your head.
                  | [potion of mutation]
 54075 | Elf:3    | Lost mutation: You are agile. (Dex +2) [potion of mutation]
 54075 | Elf:3    | Gained mutation: You are strong-willed. (Will+) [potion of
                  | mutation]
 54076 | Elf:3    | Lost mutation: Your body sometimes deteriorates upon taking
                  | damage. [potion of mutation]
 54076 | Elf:3    | Lost mutation: You are strong-willed. (Will+) [potion of
                  | mutation]
 54076 | Elf:3    | Lost mutation: Your movements are slightly less encumbered
                  | by armour. (ER -2) [potion of mutation]
 54076 | Elf:3    | Gained mutation: You have a pair of small horns on your
                  | head. [potion of mutation]
 54076 | Elf:3    | Gained mutation: You are clumsy. (Dex -2) [potion of
                  | mutation]
 54076 | Elf:3    | Gained mutation: You expend magic power (3 MP) to
                  | strengthen your wands. [potion of mutation]
 54077 | Elf:3    | Lost mutation: You are dopey. (Int -2) [potion of mutation]
 54077 | Elf:3    | Lost mutation: You have a pair of small horns on your head.
                  | [potion of mutation]
 54077 | Elf:3    | Lost mutation: You are clumsy. (Dex -2) [potion of
                  | mutation]
 54095 | Elf:3    | Upgraded the game from 0.28-a0-683-ga8797d1ae1 to
                  | 0.28-a0-687-gb91baff9cc
 54459 | Slime:5  | Got a slimy rune of Zot
 54737 | Vaults:1 | Entered Level 1 of the Vaults
 54841 | Vaults:1 | Found Ruagicro's Armour Shop.
 54860 | Vaults:1 | Found a crumbling gateway.
 54888 | Desolati | Entered the Desolation of Salt
 55057 | Desolati | Reached skill level 5 in Slings
 55145 | Desolati | Reached skill level 5 in Necromancy
 55282 | Desolati | Identified the ring of Discretion {*Slow rElec rN+ Will+
                  | Dex+10}
 55481 | Desolati | Reached skill level 1 in Polearms
 55540 | Desolati | Identified the +6 dagger "Rehokk Uckue" {vorpal, Dex+2}
 55624 | Desolati | Identified the +5 morningstar of Ru's Displeasure {vamp,
                  | Int+4 SInv}
 55705 | Desolati | Upgraded the game from 0.28-a0-687-gb91baff9cc to
                  | 0.28-a0-691-gad6df49e81
 55715 | Desolati | Identified the +0 robe of Qaowui {rPois rF+ rCorr Stlth+}
 55781 | Desolati | Gained mutation: When low on magic, you restore magic in
                  | place of health. [demonic ancestry]
 55781 | Desolati | Reached XP level 21. HP: 181/181 MP: 21/21
 55807 | Desolati | Got Lehudib's Grimoire of Confrontation
 55816 | Desolati | Identified the +5 hand axe of Jehoarea {vamp, *Rage rElec
                  | rC++ Stlth+}
 55833 | Desolati | Identified the amulet of Xom's Best Wishes {Spirit Harm
                  | Will+ rCorr}
 55862 | Desolati | Got the Disquisition on Destructive Illusion
 56011 | Desolati | Found the +4 dagger "Morg" {pain, Will+ Int+5}
 56028 | Desolati | Identified the amulet of Eternity {RegenMP rElec}
 56031 | Desolati | Got the Guide on the Earthen Volcanoes
 59078 | Vaults:3 | Reached skill level 20 in Fighting
 59259 | Vaults:3 | Identified the ring of Fun {rF+ rCorr EV+4 Str+4}
 59535 | Vaults:3 | Found a staircase to the Crypt.
 59651 | Vaults:3 | Reached skill level 5 in Polearms
 59844 | Vaults:3 | Reached XP level 22. HP: 190/190 MP: 22/22
 59898 | Vaults:3 | You fall into a shaft and drop 1 floor!
 59923 | Vaults:4 | Noticed Margery
 59958 | Vaults:4 | Killed Margery
 60026 | Vaults:4 | Reached skill level 10 in Slings
 60808 | Vaults:4 | Noticed Sojobo
 60848 | Vaults:4 | Killed Sojobo
 61790 | Vaults:5 | Entered Level 5 of the Vaults
 61792 | Vaults:5 | Identified the +1 scale mail "Lireonad" {*Corrode Fly rC-
                  | Str+7}
 62301 | Vaults:5 | Upgraded the game from 0.28-a0-691-gad6df49e81 to
                  | 0.28-a0-723-g095bd1b44f
 62335 | Vaults:5 | Reached XP level 23. HP: 110/198 MP: 23/23
 62419 | Vaults:5 | Found the +5 sword of Power {vorpal}
 62546 | Vaults:5 | Got a silver rune of Zot
 63005 | Vaults:5 | Reached skill level 21 in Fighting
 63374 | Vaults:5 | Reached skill level 15 in Shields
 63555 | Vaults:5 | Identified the ring "Ovoceska" {+Blink rF+++ rN++ Will-
                  | EV+4}
 63742 | Vaults:5 | Identified the +1 scale mail of the Kraken {Regen+ Str+3
                  | Stlth+}
 64263 | Depths:1 | Entered Level 1 of the Depths
 64677 | Depths:1 | Quit the game

Illustrated notes

Levels and vault maps discovered:
D:1:      amcnicky_arrival_underground_garden, layout_basic, serial_shops, shop
D:2:      layout_loops_ring, dreamdust_ecumenical_altar_drowned_temple,
          hangedman_decor_push, kennysheep_generic_room_5
D:3:      layout_loops_corners, grunt_temple_overflow_open
D:4:      layout_loops_ring, general_overflow_altar,
          nicolae_overflow_hidden_temple, minmay_manual_mess
D:5:      layout_loops_corners, uniq_crazy_yiuf_cottage, uniq_blork_the_orc
D:6:      layout_rooms, nicolae_gozag_cash_rules_everything_around_me,
          temple_green, roderic_lattice_a, uniq_menkaure
D:7:      layout_basic
D:8:      layout_basic, ebering_ghost_reflecting_pool, serial_bayou_pond_e
D:9:      layout_roguey, serial_shops, nicolae_lakefront_shop, serial_rivers,
          chequers_serial_rivers_small_3, chequers_serial_rivers_micro_a,
          chequers_serial_rivers_small_b, chequers_serial_rivers_marsh,
          wad_floor_pattern_untrapped
D:10:     layout_rooms, nicolae_dithmenos_shadow_blocks
D:11:     argonaut_augean_stables, layout_cave_pools, erik_lair_orcish_takeover,
          erik_orc_1, minmay_misc_feat_room, uniq_harold
D:12:     minmay_inside_and_out, layout_grid_maze, ebering_dispersal_statue_hall
D:13:     layout_gridville, david_vaults_4, lightli_church_of_beogh
D:14:     layout_stronghold, gammafunk_ghost_crypt, minmay_misc_feat_tiny,
          fiery_altar_vehumet
D:15:     grunt_enter_depths_giant_problem, layout_basic, serial_park_avenue1,
          hangedman_abyss_or_decor_stagger, hangedman_glass_teeth
Lair:1:   layout_small_grid
Lair:2:   layout_loops_ring, shoals_dummy_entry, grunt_megastairs_4
Lair:3:   layout_chaotic_city, nicolae_spider_entry_non_spiders,
          portal_ice_cave_entry_pillars_1, chequers_serial_rivers_room_b
Lair:4:   regret_index_wax_grids, layout_regular_city,
          maelrawn_ghost_gauntlet_escape
Lair:5:   layout_regular_city, slime_altar_2, chequers_serial_rivers_room_a,
          eino_small_chamber_without_monster, st_stairs_10,
          serial_bayou_shore_b, grunt_megastairs_5, lemuel_fruit_fields
Lair:6:   minmay_lair_end_enchanted_forest, layout_small_grid,
          minmay_lindwurm_lava, uniq_sonja
Shoals:1: layout_shoals, uniq_roxanne, uniq_frances, uniq_donald, uniq_aizul
Shoals:2: layout_shoals, uniq_jorgrun
Shoals:3: layout_shoals, serial_shops, bzr_entry_safe, uniq_mlioglotl
Shoals:4: shoals_end_grunt_ice, layout_shoals, shoals_ilsuiw_ice, uniq_kirke
Spider:1: layout_spider_delve
Spider:2: layout_spider_delve
Spider:3: layout_spider_delve
Spider:4: grunt_spider_rune_island, ebering_ghost_disaster_area
Slime:1:  layout_caves
Slime:2:  layout_caves
Slime:3:  layout_caves
Slime:4:  layout_caves
Slime:5
Orc:1:    layout_diamond_mine, rock_pile
Orc:2:    st_orc_mages, layout_diamond_mine, serial_shops,
          nicolae_shop_behind_doors, lightli_volcano_entry_magma_tube,
          amcnicky_altar_lugonu_corruption, uniq_urug
Elf:1:    nicolae_elf_arrival_fired_up, layout_loops_corners, serial_shops,
          nicolae_take_the_stairs, hangedman_elven_crosses_minicolossus
Elf:2:    elven_hall_of_blades_hangedman_original
          [nicolae_blade_entry_hurt_lockers], layout_gridlike,
          serial_sigils_hangedman_snap, lemuel_flamethrower_1
Elf:3:    nooodl_elf_gasket, layout_gridlike, grunt_ministairs_8, nrook_uturn
Vaults:1: portal_desolation_entry_garden, v_rooms_3, vaults_room_fours,
          v_misc_23, hangedman_vaults_nails, nicolae_vaults_specimen_jars,
          nicolae_vaults_network_s, nicolae_vaults_little_squares_5,
          vaults_room_door_ring, vaults_room_stairs_pillars,
          layout_vaults_omnicross, serial_shops, nicolae_diamond_shop
Vaults:2: v_misc_12, ontoclasm_vaults_gateway, v_misc_33, kb_rosetta,
          vaults_room_hallway, hangedman_vaults_corner_blocks, v_rooms_1,
          nicolae_vaults_little_squares_6, v_misc_11, layout_vaults_omnigrid
Vaults:3: v_pattern_5, hangedman_vaults_cutoff,
          nicolae_vaults_stairing_the_circle, ontoclasm_vaults_gallery,
          nicolae_vaults_circle_grid_b, vaults_room_door_hall,
          vaults_room_semicircle, dpeg_vaults_monster_row,
          minmay_crypt_entry_simple_walls, v_misc_18, layout_vaults_maze
Vaults:4: hangedman_vaults_corner_blocks, ontoclasm_vaults_eye,
          vaults_mumra_minichess_inversion, v_misc_12, ontoclasm_vaults_tryst,
          hangedman_vaults_stream, grunt_vaults_focal,
          nicolae_vaults_little_squares_6, v_pattern_4, hangedman_vaults_corner,
          vaults_dpeg_doors, vaults_room_guarded_vault, layout_vaults_omnibox,
          uniq_margery, uniq_sojobo
Vaults:5
Depths:1: layout_gridlike, grunt_metal_band, nemelex_lonely_heart_becter,
          hex_tiny, minmay_misc_feat_four_crosses, minmay_hidden_floor,
          uniq_asterion

Skill      XL: |  1  2  3  4  5  6  7  8  9 10 11 12 13 14 15 16 17 18 19 20 21 22 23 |
---------------+----------------------------------------------------------------------+-----
Dodging        | 2 3 4 5 6 7 8 9 10 11 12 13 14 15 16 17 | 17.5
Maces & Flails | 1 2 3 4 5 6 7 9 10 11 12 | 12.5
Stealth        | 5 |  5.1
Fighting       | 4 5 6 7 8 9 10 11 12 14 15 16 18 19 20 21 | 21.2
Throwing       | 1 2 4 5 6 7 8 9 |  9.5
Armour         | 1 2 4 5 6 7 8 9 10 11 12 13 14 15 16 17 | 17.2
Shields        | 1 3 4 6 7 8 9 10 11 12 13 14 15 | 15.0
Evocations     | 3 6 7 9 10 11 12 | 12.0
Axes           | 4 5 |  5.4
Slings         | 3 6 9 10 11 | 11.1
Crossbows      | 4 6 7 |  7.4
Necromancy     | 2 5 |  5.2
Staves         | 2 |  2.9
Polearms       | 1 5 7 8 |  8.9

Action                   |  1- 3 |  4- 6 |  7- 9 | 10-12 | 13-15 | 16-18 | 19-21 | 22-24 || total
-------------------------+-------+-------+-------+-------+-------+-------+-------+-------++-------
Melee: Demon whip        |    65 |   128 |   255 |   893 |  1759 |  2173 |  2113 |   670 ||  8056
       Touch             |    15 |    16 |    60 |    38 |       |       |       |       ||   129
       War axe           |       |       |       |     8 |       |       |       |       ||     8
       Broad axe         |       |       |       |       |     1 |    19 |       |       ||    20
       Hand axe          |       |       |       |       |       |    83 |       |       ||    83
       Staff             |       |       |       |       |       |       |    54 |       ||    54
       Eveningstar       |       |       |       |       |       |       |    96 |       ||    96
       Lance             |       |       |       |       |       |       |   180 |  1044 ||  1224
 Fire: Hunting sling     |       |       |       |       |       |    49 |       |       ||    49
       Hand crossbow     |       |       |       |       |       |     4 |    95 |       ||    99
       Fustibalus        |       |       |       |       |       |       |   111 |    28 ||   139
Throw: Dart              |       |    10 |     3 |    14 |       |       |       |       ||    27
       Boomerang         |       |       |       |    18 |    13 |       |       |       ||    31
       Javelin           |       |       |       |    25 |    17 |       |     7 |     3 ||    52
Invok: Call Merchant     |       |       |       |       |       |     7 |       |       ||     7
Evoke: Wand              |       |       |       |    13 |     7 |    11 |     9 |       ||    40
       Condenser vane    |       |       |       |     1 |     1 |       |     2 |     1 ||     5
       Lightning rod     |       |       |       |       |       |       |     4 |       ||     4
       Box of beasts     |       |       |       |       |       |       |     1 |       ||     1
       Phial of floods   |       |       |       |       |       |       |     1 |       ||     1
       Phantom mirror    |       |       |       |       |       |       |     1 |       ||     1
  Use: Potion            |       |     2 |     2 |     3 |     1 |     6 |    14 |       ||    28
       Scroll            |       |     1 |    10 |     8 |    13 |    15 |    17 |     4 ||    68
 Stab: Sleeping          |     2 |     2 |     4 |     4 |    17 |     4 |       |       ||    33
       Distracted        |       |       |       |     2 |    21 |    19 |    13 |    14 ||    69
       Paralysed         |       |       |       |       |     3 |       |       |       ||     3
       Petrified         |       |       |       |       |       |     2 |       |       ||     2
       Invisible         |       |       |       |       |       |       |    16 |    28 ||    44
Armor: Scale mail        |    32 |    34 |    71 |   222 |       |       |       |       ||   359
       Ring mail         |       |       |       |    65 |   395 |    20 |       |       ||   480
       Troll leather arm |       |       |       |       |       |   265 |       |       ||   265
       Gold dragon scale |       |       |       |       |       |   529 |  1179 |   411 ||  2119
Dodge: Dodged            |    22 |    63 |   119 |   475 |   843 |  1123 |   879 |   647 ||  4171
       Repelled          |       |       |       |    11 |       |       |       |       ||    11
Block: Buckler           |       |       |       |   190 |   172 |       |       |       ||   362
       Kite shield       |       |       |       |       |  1054 |  2033 |  2042 |  1176 ||  6305
       Reflection        |       |       |       |       |    43 |    60 |   111 |    49 ||   263
       Rpst.: Demon whip |       |       |       |   108 |   170 |    95 |       |       ||   373
       War axe           |       |       |       |     2 |       |       |       |       ||     2
       Hand axe          |       |       |       |       |       |    21 |       |       ||    21
       Broad axe         |       |       |       |       |       |     3 |       |       ||     3

Table legend: (Time is in decaauts)
 A = Elapsed time spent in this place.
 B = Non-inter-level travel time spent in this place.
 C = Inter-level travel time spent in this place.
 D = Time resting spent in this place.
 E = Time spent auto-exploring this place.
 F = Levels seen in this place.
 G = Mean time per level.
                   A        B        C        D        E       F      G
               +--------+--------+--------+--------+--------+-----+--------+
         Total |  62015 |  54977 |   7038 |   2674 |  37528 |  49 | 1265.6 |
       Dungeon |  23902 |  21447 |   2455 |   1319 |  16762 |  15 | 1593.5 |
          Lair |  10051 |   8143 |   1908 |    560 |   5469 |   6 | 1675.2 |
        Shoals |   4716 |   4269 |    447 |     32 |   2613 |   4 | 1179.0 |
   Spider Nest |   3589 |   3206 |    383 |      0 |   2145 |   4 |  897.2 |
    Slime Pits |   2360 |   2048 |    312 |    308 |    683 |   5 |  472.0 |
  Orcish Mines |   1809 |   1545 |    264 |      0 |   1058 |   2 |  904.5 |
   Elven Halls |   5178 |   4209 |    969 |     30 |   2808 |   3 | 1726.0 |
        Vaults |   7251 |   6955 |    296 |      2 |   4407 |   5 | 1450.2 |
        Depths |    317 |    317 |      0 |      0 |    118 |   1 |  317.0 |
        Bazaar |     47 |     47 |      0 |      0 |     23 |   1 |   47.0 |
      Ice Cave |   1237 |   1237 |      0 |    422 |    550 |   1 | 1237.0 |
       Volcano |    512 |    512 |      0 |      0 |    304 |   1 |  512.0 |
    Desolation |   1040 |   1040 |      0 |      0 |    588 |   1 | 1040.0 |
               +--------+--------+--------+--------+--------+-----+--------+

Top non-repeatable levels by time:
    D:11: 3236 daAuts
     D:5: 2741 daAuts
  Lair:1: 2647 daAuts
   Elf:3: 2120 daAuts
     D:3: 2101 daAuts
Vaults:5: 1897 daAuts
  Lair:4: 1844 daAuts
   Elf:1: 1826 daAuts
  Lair:6: 1762 daAuts
    D:12: 1749 daAuts
    D:10: 1604 daAuts
Shoals:4: 1566 daAuts
     D:8: 1554 daAuts
     D:9: 1464 daAuts
Vaults:4: 1436 daAuts
